 Dungeon Crawl Stone Soup version 0.31-a0-150-g89dc3ad700 (webtiles) character file.

Game seed: 369749938706452409

767 qw the Skirmisher (level 7, -5/44 HPs)
             Began as a Gargoyle Hunter on June 8, 2023.
             Was an Initiate of Okawaru.
             Slain by an orc warrior
             ... wielding a +0 halberd
              (15 damage)
             ... on level 6 of the Dungeon.
             The game lasted 00:01:57 (4928 turns).

qw the Skirmisher (Gargoyle Hunter)                 Turns: 4928, Time: 00:01:57

Health: -5/44      AC: 13    Str: 14    XL:     7   Next: 82%
Magic:  7/7        EV: 11    Int: 10    God:    Okawaru [......]
Gold:   318        SH:  0    Dex: 15    Spells: 6/6 levels left

rFire   . . .        Y - +1 shortbow
rCold   . . .        (shield currently unavailable)
rNeg    + . .        s - +0 ring mail
rPois   inf          l - +0 helmet {SInv}
rElec   +            (no cloak)
rCorr   .            d - +0 pair of gloves
SInv    +            e - +0 pair of boots
Will    .....        a - amulet of regeneration
Stlth   +            (no ring)
HPRegen 1.07/turn    (no ring)
MPRegen 0.10/turn

%: no passive effects
@: no status effects
A: sickness immunity, AC +4, negative energy resistance 1, electricity
resistance, torment resistance 1, petrification resistance
a: Renounce Religion


You were on level 6 of the Dungeon.
You worshipped Okawaru.
Okawaru was noncommittal.
You visited 1 branch of the dungeon, and saw 6 of its levels.

You collected 318 gold pieces.


Innate Abilities, Weirdness & Mutations

You are immune to sickness and miasma.
Your stone body is resilient. (AC +4)
You are immune to poison.
You resist negative energy. (rN+)
You are resistant to electric shocks. (rElec)
You are resistant to unholy torment.
You are immune to petrification.


   Skills:
 - Level 4.6 Fighting
 - Level 8.1 Ranged Weapons
 + Level 1.2 Armour
 - Level 2.3 Dodging
 - Level 1.1 Stealth


You had 6 spell levels left.
You didn't know any spells.
Your spell library was empty.

Inventory:

Hand Weapons
 Y - a +1 shortbow (weapon)
Armour
 d - a +0 pair of gloves (worn)
 e - a +0 pair of boots (worn)
 l - a +0 helmet of see invisible (worn)
 s - a +0 ring mail (worn)
Jewellery
 a - an amulet of regeneration (around neck)
 p - a ring of fire
Scrolls
 b - a scroll of identify
Potions
 f - a potion of heal wounds
 g - a potion of lignification {unknown}
 h - a potion of mutation {unknown}
 i - a potion of enlightenment {unknown}
 j - a potion of brilliance {unknown}
 k - a potion of resistance
 m - a potion of degeneration {unknown}
 o - a potion of cancellation {unknown}
 r - a potion of invisibility {unknown}

Dungeon Overview and Level Annotations

Branches:
Dungeon (6/15)             Temple (0/1) D:4

Altars:
Okawaru
The Shining One

Annotations:
D:3 1 runed translucent door, Crazy Yiuf


Message History

Found 10 gold pieces.
There is a stone staircase leading up here.
Found 2 scrolls of fog.
Found a stone staircase leading down.
You now have 306 gold pieces (gained 10).
You now have 318 gold pieces (gained 12).
There is a stone staircase leading down here.
There is a stone staircase leading down here.
An orc warrior and an orc come into view.
The orc shouts!
You hear a shout!
An orc wizard comes into view. It is wielding a +0 dagger.
4919 ||| Stepping ~*~*~tactically~*~*~ (outnumbered).
You shoot an arrow. The arrow closely misses the orc.
You shoot an arrow. The arrow hits the orc.
The orc is almost dead.
The orc hits you but does no damage.
You shoot an arrow. The arrow closely misses the orc.
You hear a shout!
The orc warrior hits you from afar with a +0 halberd.
The orc barely misses you.
You shoot an arrow. The arrow barely misses the orc.
The orc warrior hits you from afar with a +0 halberd.
The orc closely misses you.
You shoot an arrow. The arrow hits the orc!
You kill the orc!
Okawaru accepts your kill.
The orc warrior hits you from afar with a +0 halberd!
You shoot an arrow.
The arrow closely misses the orc warrior.
The orc warrior hits you from afar with a +0 halberd!
You shoot an arrow. The arrow hits the orc warrior.
The orc warrior is lightly wounded.
The orc warrior barely misses you.
You shoot an arrow.
The arrow hits the orc warrior but does no damage.
The orc warrior is lightly wounded.
The orc warrior closely misses you.
You shoot an arrow. The arrow hits the orc warrior.
The orc warrior is lightly wounded.
The orc warrior hits you from afar with a +0 halberd! x2
You die...

..#####..# #
#.######..##.#
#............#
########..####
#..#
###..#####.#
#.>..?......
#.##.####..
#.##@# #.##)#
#.##.o..o..#
#.#######o##
#.# ..# ###


You could see an orc warrior.

Vanquished Creatures
  An ogre (D:5)
  3 scorpions
  A jelly (D:5)
  A howler monkey (D:5)
  3 hounds
  An orc priest (D:5)
  Jessica (D:3)
  3 orc wizards
  Robin (D:3)
  2 river rats (D:4)
  3 adders
  An ufetubus (D:5)
  5 worms
  A dart slug (D:3)
  12 orcs
  4 bats
  5 endoplasms
  3 giant cockroaches
  21 goblins
  12 hobgoblins
  5 jackals
  8 quokkas
  6 ball pythons
  4 frilled lizards
  8 kobolds
  3 rats
118 creatures vanquished.

Notes
Turn   | Place    | Note
-------+----------+-------------------------------------------
     0 | D:1      | qw the Gargoyle Hunter began the quest for the Orb.
     0 | D:1      | Reached XP level 1. HP: 12/12 MP: 1/1
     0 | D:1      | 0 ||| qw: Version: 0.2-a-119-g7aa9181
     0 | D:1      | 0 ||| qw: Game counter: 2904
     0 | D:1      | 0 ||| qw: Always use a shield: true
     0 | D:1      | 0 ||| qw: God list: Okawaru
     0 | D:1      | 0 ||| qw: Allow faded altars: false
     0 | D:1      | 0 ||| qw: Do Orc after D:15 true
     0 | D:1      | 0 ||| qw: Do second Lair branch before Depths: true
     0 | D:1      | 0 ||| qw: Lair rune preference: random
     0 | D:1      | 0 ||| qw: Plans: Normal
     0 | D:1      | 0 ||| PLANNING D:1-11
   157 | D:1      | Reached XP level 2. HP: 17/17 MP: 2/2
   686 | D:1      | Reached XP level 3. HP: 17/21 MP: 3/3
   748 | D:1      | 748 ||| UPGRADING to +0 pair of boots.
   753 | D:1      | 753 ||| READING scroll labelled HAUSIY CIMADU.
   757 | D:1      | 757 ||| READING scroll labelled GOXUGE KOUSIM.
   758 | D:1      | 758 ||| READING scroll labelled XAL JESSETS.
   759 | D:1      | 759 ||| READING scroll labelled LIAHUY ECVI.
   760 | D:1      | 760 ||| READING scroll labelled MIUNYFOVU.
   761 | D:1      | 761 ||| DRINKING 2 clear potions.
   762 | D:1      | 762 ||| DROPPING scroll of butterflies.
   970 | D:2      | Reached skill level 5 in Ranged Weapons
  1636 | D:2      | 1636 ||| UPGRADING to +0 pair of gloves.
  1641 | D:2      | 1641 ||| UPGRADING to amulet of regeneration.
  1646 | D:2      | 1646 ||| DRINKING 3 brown potions.
  1719 | D:3      | Found a runed translucent door.
  1720 | D:3      | Noticed Crazy Yiuf
  1855 | D:3      | Reached skill level 3 in Fighting
  1855 | D:3      | Reached XP level 4. HP: 28/28 MP: 4/4
  1981 | D:3      | Found a glowing golden altar of the Shining One.
  2163 | D:3      | Noticed Robin
  2164 | D:3      | 2164 ||| Stepping ~*~*~tactically~*~*~ (outnumbered).
  2171 | D:3      | Reached skill level 1 in Armour
  2186 | D:3      | Killed Robin
  2273 | D:3      | Noticed Jessica
  2277 | D:3      | Killed Jessica
  2278 | D:3      | Reached XP level 5. HP: 23/32 MP: 5/5
  2491 | D:3      | Reached skill level 6 in Ranged Weapons
  2742 | D:3      | 2742 ||| UPGRADING to +0 helmet of see invisible.
  2747 | D:3      | 2747 ||| READING 2 scrolls labelled USANNEMAMO.
  2748 | D:3      | 2748 ||| READING scroll labelled PEDACK ZOMEN.
  2749 | D:3      | 2749 ||| READING scroll labelled HUFEZI OMIOZA.
  2750 | D:3      | 2750 ||| DROPPING scroll of fog.
  2836 | D:4      | 2836 ||| PLANNING SEWER
  3144 | D:4      | Reached XP level 6. HP: 38/38 MP: 6/6
  3148 | D:4      | Found an iron altar of Okawaru.
  3353 | D:4      | Found a staircase to the Ecumenical Temple.
  3435 | D:4      | 3435 ||| Stepping ~*~*~tactically~*~*~ (water).
  3479 | D:4      | 3479 ||| RIP SEWER
  3483 | D:4      | 3483 ||| PLANNING OKAWARU WORSHIP
  3489 | D:4      | 3489 ||| READING scroll labelled EBLAORE JAPON.
  3490 | D:4      | 3490 ||| READING 2 scrolls of identify.
  3490 | D:4      | 3490 ||| IDENTIFYING purple potion
  3491 | D:4      | 3491 ||| DROPPING potion of attraction.
  3574 | D:4      | Became a worshipper of Warmaster Okawaru
  3574 | D:4      | 3574 ||| PLANNING D:1-11
  3676 | D:4      | Identified the +3 dagger "Nite Zua" {heavy, Contam +Blink
                  | SInv Stlth+}
  4055 | D:5      | Entered Level 5 of the Dungeon
  4135 | D:5      | HP: 8/38 [orc/+2 dagger of speed (6)]
  4136 | D:5      | 4136 ||| READING scroll of teleportation.
  4137 | D:5      | 4137 ||| DRINKING 2 potions of heal wounds.
  4174 | D:5      | Reached skill level 7 in Ranged Weapons
  4232 | D:5      | Reached XP level 7. HP: 43/43 MP: 7/7
  4433 | D:5      | Identified the +0 chain mail of Hiplehu {rCorr Dex+3}
  4498 | D:5      | Reached skill level 8 in Ranged Weapons
  4536 | D:5      | Reached * piety under Okawaru
  4596 | D:5      | 4596 ||| INVOKING Heroism.
  4838 | D:5      | 4838 ||| UPGRADING to +0 ring mail.
  4848 | D:5      | 4848 ||| DROPPING +0 leather armour.
  4849 | D:5      | 4849 ||| READING scroll labelled SOWUOTR WORUE.
  4850 | D:5      | 4850 ||| READING scroll labelled MIENAO TYIKOSMOH.
  4919 | D:6      | 4919 ||| Stepping ~*~*~tactically~*~*~ (outnumbered).
  4928 | D:6      | HP: 10/44 [orc warrior/+0 halberd (10)]
  4928 | D:6      | Slain by an orc warrior

Levels and vault maps discovered:
D:1:      dpeg_arrival_water_temple_mockup, layout_loops_ring, nrook_uturn
D:2:      layout_loops_corners, kennysheep_generic_room_4
D:3:      minmay_razor_zed, layout_loops_ring,
          mainiacjoe_overflow_concentric_impassable, uniq_jessica,
          uniq_crazy_yiuf_cottage, uniq_robin
D:4:      layout_loops_corners, lemuel_tele_altar,
          minmay_temple_entry_nine_rooms, gup_sewer_entry_spiral
D:5:      layout_gridville
D:6:      layout_loops_ring, led_sif_book, glass_columns_a,
          nicolae_fountain_basement

Skill      XL: |  1  2  3  4  5  6  7 |
---------------+----------------------+-----
Ranged Weapons | 5 6 7 8 |  8.1
Fighting       | 3 4 |  4.6
Armour         | 1 |  1.2
Dodging        | 2 |  2.3
Stealth        | |  1.1

Action                     |  1- 3 |  4- 6 |  7- 9 || total
---------------------------+-------+-------+-------++-------
   Fire: Shortbow          |    90 |   234 |    92 ||   416
 Invoke: Heroism           |       |       |     1 ||     1
    Use: Scroll            |     5 |     6 |     2 ||    13
         Potion            |     2 |     1 |       ||     3
 Armour: Leather armour    |    11 |    73 |    26 ||   110
         Ring mail         |       |       |     1 ||     1
  Dodge: Dodged            |    14 |    87 |    47 ||   148

Table legend:
 A = Non-vault XP
 B = Vault XP
 C = Vault XP percentage of total XP
 D = Non-vault monster count
 E = Vault monster count
 F = Vault count percentage of total count
                 A         B        C        D         E       F
            +---------+---------+-------+---------+---------+-------
      Total |     907 |     189 |  17.2 |      81 |      37 |  31.4
            +---------+---------+-------+---------+---------+-------
        D:1 |      34 |       0 |   0.0 |      21 |       0 |   0.0
        D:2 |      13 |       1 |   7.1 |       9 |       1 |  10.0
        D:3 |      73 |     133 |  64.6 |      15 |      29 |  65.9
        D:4 |     185 |      42 |  18.5 |      16 |       6 |  27.3
        D:5 |     599 |       0 |   0.0 |      19 |       0 |   0.0
        D:6 |       3 |      13 |  81.2 |       1 |       1 |  50.0
            +---------+---------+-------+---------+---------+-------
